Description

Fast proxy 3 Gate w/Adepts and Stalkers in order to deny mining at enemy's natural, with ability to transition into Blink Stalkers if initial attack fails. (See Analysis)

VOD

https://www.youtube.com/watch?v=hGKRt_4dqKY

Replay - Cure v PartinG: Game 2 - Oxide LE

Build Order

Get SALT Encoding   

  12  0:00  Probe x2  
  14  0:17  Pylon  
  14  0:24  Probe x2  
  16  0:37  Gateway  
  16  0:48  Probe RALLY: Natural  
  17  1:07  Nexus SCOUT: Proxy Target  
  17  1:10  Assimilator  
  17  1:13  Probe RALLY: Assimilator  
  18  1:24  Cybernetics Core  
  18  1:25  Action SATURATE: Assimilator  
  18  1:27  Probe RALLY: Main > Minerals  
  19  1:35  Pylon PROXY  
  19  1:39  Probe x2  
  21  1:54  Gateway PROXY  
  21  2:00  Warp Gate (Chrono Boost)  
  21  2:02  Adept (Chrono Boost)  
  23  2:05  Probe x3 RALLY: Natural > Minerals  
  26  2:21  Gateway  
  26  2:22  Action (Chrono Boost) Warp Gate  
  26  2:28  Stalker PURPOSE: Patrol Main  
  28  2:31  Probe x2  
  30  2:39  Action 1st Adept to Enemy Main  
  30  2:40  Adept (Chrono Boost) PROXY  
  32  2:43  Probe x2  
  34  2:48  Assimilator BASE: Natural  
  34  2:53  Pylon BASE: Natural  
  34  2:55  Probe x4  
  38  3:09  Action SATURATE: 2nd Assimilator  
  38  3:18  Adept x3 PROXY  
  44  3:20  Probe x2  
  46  3:23  Pylon  
  46  3:24  Action Send Adepts to Enemy Natural Ramp  
  46  3:39  Stalker x3 PROXY  
Spawning Tool Build Advisor. Get it on Overwolf

Analysis

ADDITIONAL TIMING NOTES

3:28 - Shade in Adepts to enemy's natural, behind mineral line - If no bunker, Adepts can fight Marines - If bunker w/Marines, Adepts must avoid Marines

3:39 - Warp in Stalkers or Adepts - If no bunker, either unit can be used - If bunker w/Marines, Stalkers are preferred

From 3:39 on, depending on how your initial push goes, you can either continue probe production or continue warping in units. Your primary focus should be denying mining and killing workers. Adepts can be traded if needed, but don't lose the Stalkers. If push fails, transition into Blink Stalker with Observers.

Go to:

Details

  • Created by: bongsucker
  • Published on: May 26, 2022
  • Modified on: May 26, 2022
  • Patch: 4.11.0
  • Difficulty: Medium
Show
View Real Time Build Order
Export as new Build Order

Comments (0)

There are no comments. Be the first!

Create an account to comment!